Map: King's Cove LE

Players

PeLLy

  • Race: Zerg Zerg
  • League: Diamond
  • Spawn Location: 5:00

Zulu - Winner!

  • Race: Terran Terran
  • League: Platinum
  • Spawn Location: 11:00

VOD

Have the link to the VOD?

Description

Time

  • Played on: Aug. 13, 2019, 5:35 p.m.
  • Length: 11:39
Show
View Real Time Build Order
Export as new Build Order

PeLLy Zerg 

Build Orders: Hatch First, Swarm Host 

Get SALT Encoding   

  12  0:00  Drone  
  13  0:13  Overlord  
  13  0:21  Drone  
  14  0:32  Drone x2  
  16  0:38  Drone  
  17  0:55  Hatchery  
  16  0:58  Drone  
  16  1:04  Drone, Extractor  
  17  1:18  Spawning Pool  
  16  1:21  Drone  
  17  1:27  Drone  
  17  1:30  Drone  
  19  1:40  Overlord  
  19  1:53  Drone  
  20  2:06  Queen  
  20  2:07  Queen  
  20  2:08  Zergling x4  
  26  2:14  Zergling x2  
  27  2:19  Drone  
  28  2:23  Metabolic Boost  
  28  2:25  Drone  
  29  2:42  Drone x3  
  32  2:51  Queen  
  32  2:52  Drone  
  32  2:53  Drone  
  36  3:10  Hatchery, Overlord  
  35  3:19  Drone  
  36  3:20  Overlord  
  36  3:34  Drone  
  36  3:35  Drone x7  
  44  3:44  Roach Warren  
  44  3:48  Drone x2  
  45  4:03  Evolution Chamber  
  45  4:05  Drone x4  
  48  4:10  Extractor  
  48  4:11  Zergling x6  
  47  4:43  Roach x5  
  47  4:45  Overlord x4  
  57  4:49  Extractor  
  57  4:50  Extractor  
  55  5:05  Drone x9  
  64  5:13  Drone x3  
  67  5:16  Lair  
  67  5:20  Drone  
  68  5:22  Drone x5  
  73  5:29  Drone  
  73  5:35  Spine Crawler  
  73  5:38  Spine Crawler  
  72  5:43  Ravager  
  73  5:57  Roach  
  73  5:58  Roach x3  
  73  5:59  Overlord x3  
  73  6:00  Zerg Missile Weapons Level 1  
  81  6:10  Drone  
  82  6:12  Extractor  
  82  6:13  Spore Crawler  
  82  6:14  Extractor  
  82  6:15  Spore Crawler  
  82  6:17  Spore Crawler  
  77  6:20  Pneumatized Carapace  
  77  6:27  Infestation Pit  
  77  6:30  Drone x3  
  77  6:31  Drone x9  
  88  6:43  Baneling Nest  
  88  6:45  Queen  
  89  7:02  Spore Crawler  
  89  7:03  Queen, Glial Reconstitution  
  89  7:05  Drone, Evolution Chamber  
  89  7:06  Drone x2  
  87  7:30  Roach  
  87  7:31  Roach x5  
  87  7:33  Overlord x2  
  87  7:34  Overlord  
  98  7:52  Swarm Host x8  
  98  7:54  Overlord  
  98  7:55  Overlord x2  
  122  7:58  Nydus Network  
  121  8:19  Swarm Host x8  
  136  8:20  Hatchery  
  144  8:30  Drone x2  
  144  8:32  Overlord x3  
  144  8:33  Overlord x2  
  146  8:35  Nydus Canal  
  146  9:22  Nydus Canal  
  146  9:23  Roach  
  146  9:24  Roach x9  
  166  9:32  Drone  
  166  9:33  Drone  
  166  9:35  Extractor  
  139  9:54  Roach x8  
  88  10:45  Zergling x24  
Show
View Real Time Build Order
Export as new Build Order

Zulu Terran - Winner!

Build Orders: Reaper Expand 

Get SALT Encoding   

  12  0:00  SCV  
  13  0:12  SCV  
  14  0:18  Supply Depot  
  14  0:25  SCV  
  15  0:40  SCV  
  15  0:41  Barracks  
  16  0:45  Refinery  
  16  0:52  SCV  
  17  1:04  SCV  
  18  1:16  SCV  
  19  1:28  Orbital Command, Reaper  
  20  1:44  Command Center  
  20  1:54  SCV  
  21  2:05  Factory  
  21  2:13  Supply Depot  
  21  2:15  SCV  
  22  2:22  Barracks Reactor  
  22  2:26  Refinery  
  22  2:27  SCV  
  23  2:39  SCV  
  25  2:51  SCV  
  25  2:56  Bunker  
  25  2:57  Orbital Command  
  25  3:02  Starport  
  25  3:05  SCV  
  26  3:12  Barracks Tech Lab  
  26  3:17  SCV  
  26  3:19  Supply Depot  
  29  3:20  Supply Depot, Hellion  
  29  3:27  SCV  
  29  3:30  Hellion  
  29  3:33  SCV  
  33  3:36  Marine  
  34  3:43  SCV  
  34  3:45  SCV  
  35  3:53  Hellion x2  
  35  3:55  SCV  
  40  3:57  SCV  
  40  3:58  Marauder  
  43  4:05  Refinery  
  43  4:07  SCV  
  43  4:09  Viking, SCV  
  47  4:13  Stimpack  
  47  4:19  SCV  
  47  4:21  SCV  
  49  4:27  Factory Reactor  
  48  4:37  Marauder  
  48  4:43  SCV x2  
  50  4:53  Supply Depot  
  50  4:54  Supply Depot, Command Center, Starport Reactor  
  50  4:55  SCV x2  
  50  4:59  Barracks  
  52  5:03  Marauder  
  54  5:07  SCV  
  54  5:08  SCV  
  56  5:16  Barracks  
  56  5:21  Barracks  
  56  5:24  Marauder  
  56  5:25  Factory Tech Lab  
  58  5:31  SCV  
  58  5:32  SCV  
  60  5:37  Medivac  
  60  5:38  Medivac  
  64  5:43  SCV  
  64  5:44  SCV  
  64  5:46  Marauder  
  68  5:56  SCV x2  
  70  5:59  Barracks Reactor  
  70  6:02  Barracks Tech Lab  
  70  6:03  Siege Tank  
  73  6:07  Medivac  
  73  6:08  Medivac, Orbital Command  
  73  6:09  Marine x2  
  79  6:32  SCV x2  
  81  6:36  Marine  
  81  6:37  Marauder, Marine x2  
  81  6:38  Marauder, Siege Tank  
  81  6:39  Medivac  
  93  6:41  Orbital Command  
  93  6:52  Supply Depot  
  93  7:13  Marauder, Marine x3, Siege Tank  
  93  7:14  Barracks  
  93  7:15  Engineering Bay  
  101  7:16  Engineering Bay  
  101  7:21  Marine  
  101  7:22  SCV  
  101  7:26  SCV, Marauder  
  101  7:34  Medivac  
  101  7:43  Terran Infantry Weapons Level 1  
  101  7:44  Barracks  
  101  7:45  Barracks  
  101  7:46  Barracks  
  101  7:49  Refinery  
  101  7:53  Refinery x2  
  101  8:03  Supply Depot x2  
  101  8:04  Bunker  
  101  8:05  Supply Depot  
  101  8:06  Supply Depot  
  101  8:09  Marine x4  
  101  8:10  SCV x3, Medivac, Siege Tank  
  101  8:11  Marauder x2  
  117  8:17  Factory  
  117  8:23  Barracks Reactor, Armory  
  117  8:24  SCV x3  
  120  8:27  Viking, Marine x4  
  120  8:32  Marauder x2  
  130  8:40  Barracks Tech Lab x2, Barracks Reactor  
  130  8:45  Terran Infantry Armor Level 1, Marine  
  130  8:46  Ghost Academy  
  131  8:49  Supply Depot  
  131  8:50  Supply Depot  
  131  8:51  Supply Depot  
  131  8:58  Marauder x2, Marine x3  
  123  9:19  Marauder x2  
  123  9:21  Marauder, Marine x2  
  123  9:22  Marauder, Marine x2  
  134  9:39  Command Center  
  134  9:40  Marauder  
  131  9:58  Marine x2  
  131  9:59  Marauder x3  
  104  10:20  Marauder x3, Marine x3  
  100  10:42  Marauder x2  
  96  10:52  Marauder  
  96  10:53  Orbital Command  
  96  11:10  Marauder x2  
  99  11:18  Marine x2  
Tags
 
Add a new tag
Caveats
  • Supply blocks, unpowered buildings, or Contaminate may cause inaccurate times.
  • Supply counts are checked every 10 seconds.